 Dungeon Crawl Stone Soup version 0.29.1-13-g9f3cf754e1 (webtiles) character file.

Game seed: 3824133020279326746

2088 javelincjr the Magician (level 9, -1/59 HPs)
             Began as a Djinni Conjurer on Jan 18, 2023.
             Was an Initiate of Hepliaklqana.
             Slain by Joseph
             ... wielding a +0 quarterstaff
              (18 damage)
             ... on level 7 of the Dungeon on Jan 19, 2023.
             The game lasted 00:37:40 (9647 turns).

javelincjr the Magician (Djinni Conjurer)           Turns: 9647, Time: 00:37:41

Health: -1/59      AC:  6    Str: 10    XL:     9   Next: 52%
Gold:   365        EV: 12    Int: 24    God:    Hepliaklqana [......] SH:  0 Dex: 10

rFire   + + .      SeeInvis .   z - +1 demon trident (elec)
rCold   . . .      Faith    .   (no shield)
rNeg    . . .      Spirit   .   G - +1 leather armour {rPois}
rPois   ∞          Reflect  .   (no helmet)
rElec   .          Harm     .   k - +0 cloak {rCorr}
rCorr   +          Rampage  .   y - +0 pair of gloves
Will    .....      Clarity  +   (boots unavailable)
Stlth   ++........              (no amulet)
HPRegen 0.19/turn               E - ring of protection from cold
MPRegen 0.00/turn               (no ring)

@: flying
A: sickness immunity, fire resistance 2, cold vulnerability 1, float, innate
caster, HP casting, extra vitality 1, clarity, strong 1
a: Renounce Religion


You were on level 7 of the Dungeon.
You worshipped Hepliaklqana.
Hepliaklqana was noncommittal.
You visited 2 branches of the dungeon, and saw 8 of its levels.

You collected 365 gold pieces.

Inventory:

Hand Weapons
 i - a +2 quarterstaff of chaos
 v - a +2 falchion
 z - a +1 demon trident of electrocution (weapon)
 C - a +0 vampiric hand axe
Missiles
 x - 4 silver javelins
Armour
 k - a +0 cloak of preservation (worn)
 m - the +1 chain mail of Tyolao {rElec Regen+ Stlth-}
   (You found it on level 7 of the Dungeon)

   rElec:     It insulates you from electricity.
   Regen:     It increases your rate of health regeneration.
   Stlth:     It makes you less stealthy.
 u - a +2 scale mail of cold resistance
 w - +0 swamp dragon scales
 y - a +0 pair of gloves (worn)
 G - a +1 leather armour of poison resistance (worn)
Magical Staves
 B - a staff of death
 H - a staff of poison
Jewellery
 E - a ring of protection from cold (left hand)
Wands
 l - a wand of iceblast (7)
 p - a wand of paralysis (6)
 r - a wand of flame (18)
Scrolls
 b - a scroll of enchant weapon
 d - 2 scrolls of immolation
 g - 3 scrolls of fear
 n - a scroll of vulnerability
 q - 2 scrolls of teleportation
 t - a scroll of fog
 A - a scroll of acquirement {unknown}
Potions
 a - 2 potions of flight {unknown}
 c - a potion of might {unknown}
 e - 2 potions of brilliance
 f - 2 potions of curing {unknown}
 h - a potion of berserk rage
 j - 3 potions of ambrosia
 o - 3 potions of haste
 s - 3 potions of heal wounds


   Skills:
 + Level 2.4 Fighting
 + Level 1.2 Long Blades
 + Level 3.1 Polearms
 + Level 3.1 Armour
 + Level 4.1 Dodging
 + Level 3.8 Stealth
 + Level 7.5 Spellcasting


You couldn't memorise any spells.
You knew the following spells:

 Your Spells              Type           Power      Damage    Failure   Level
a - Magic Dart            Conj           100%       1d8       1%          1
b - Searing Ray           Conj           90%        2d7       1%          2
c - Dazzling Flash        Conj/Hex       90%        N/A       1%          3
d - Fulminant Prism       Conj/Hex       22%        3d13      4%          4
e - Iskenderun's Mystic   Conj/Tloc      45%        2d10      4%          4
f - Slow                  Hex            100%       N/A       1%          1
g - Static Discharge      Conj/Air       45%        3-9/arc   1%          2
h - Conjure Flame         Conj/Fire      45%        6-21      1%          3
i - Ice Form              Ice/Tmut       45%        N/A       4%          4
Your spell library was empty.

Dungeon Overview and Level Annotations

Branches:
Dungeon (7/15)             Temple (1/1) D:6

Altars:
Ashenzari
Cheibriados
Dithmenos
Elyvilon
Fedhas
Gozag
Hepliaklqana
Nemelex Xobeh
Okawaru
Ru
Trog
Uskayaw
Wu Jian
Xom
Yredelemnul

Shops:
D:2 *

Annotations:
D:7 Joseph


Innate Abilities, Weirdness & Mutations

You are immune to sickness and miasma.
You are immune to poison.
Your flesh is very heat resistant. (rF++)
You are vulnerable to cold. (rC-)
You float through the air rather than walking.
You learn spells naturally, not from books.
Your magical power is your life essence.
You have superior vitality. (+4 MHP)
You possess an exceptional clarity of mind.
Your muscles are strong. (Str +4, Int/Dex -1)


Message History

It bursts into flame!
Joseph shoots a sling bullet.
The sling bullet hits you!! The sling bullet burns you.
Joseph shoots a sling bullet.
The sling bullet completely misses you.
Your fulminant prism crackles loudly.
Joseph shoots a sling bullet.
The sling bullet barely misses you.
Your fulminant prism explodes!
The blast of energy engulfs Joseph!
Joseph is almost dead.
Casting: Fulminant Prism (dangerous; 4% risk of failure)
Confirm with . or Enter, or press ? or * to list all spells.
Casting: Dazzling Flash (safe; 1% risk of failure)
Press: ? - help, Dir - look around, f - activate Joseph is dazzled.
Joseph shoots a sling bullet.
The sling bullet closely misses you.
Casting: Dazzling Flash (safe; 1% risk of failure)
Confirm with . or Enter, or press ? or * to list all spells.
Aiming: Fulminant Prism (dangerous; 4% risk of failure)
Press: ? - help, Dir - move target You conjure a prism of explosive energy!
A fulminant prism comes into view.
Joseph shoots a sling bullet.
The sling bullet hits you.
Casting: Fulminant Prism (dangerous; 4% risk of failure)
Confirm with . or Enter, or press ? or * to list all spells.
You erupt in a blast of force!
The mystic blast hits Joseph.
Joseph is almost dead.
Joseph is knocked back by the mystic blast.
Joseph collides with your fulminant prism!
Your fulminant prism is moderately damaged.
Joseph is almost dead.
* * * LOW HITPOINT WARNING * * *
Your fulminant prism crackles loudly.
Reach: z) +1 demon trident (elec)
Press: ? - help, Dir - move target, f - Joseph
Aim: Joseph, wielding a +4 sling of flaming and wearing a +0 leather armour (almost dead, fast, blind, ally target, about 43% to evade your +1 demon trident of electrocution)
You reach to attack!
You barely miss Joseph.
Joseph is almost dead.
Joseph is no longer blind.
Joseph unwields a +4 sling of flaming.
It stops flaming.
Joseph wields a +0 quarterstaff.
Joseph hits you with a +0 quarterstaff!!
You die...

..##.#.# #...#.#
#..#<####### #
#.#.#...... #.
#.....#####. #.#
##.#......... #.#
##.##.........
#..###..##.########
#.@@.*###.# #.###.#
#.# #. #.# #.#
#....@# #.# ####..#
#[######### #..#
#.......... #.?#
########### #..#
#..#


You could see Joseph (fast, ally target) and a friendly fulminant prism.

Vanquished Creatures
  Maggie (D:7)
  Duvessa (D:7)
  An ice beast (D:6)
  An orc warrior (D:7)
  2 sky beasts
  An ogre (D:4)
  2 phantoms
  2 bullfrogs (D:7)
  3 scorpions
  Dowan (D:7)
  2 howler monkeys (D:7)
  2 jellies
  3 hounds
  Crazy Yiuf (D:7)
  2 orc priests
  Terence (D:2)
  Jessica (D:2)
  2 iguanas
  2 orc wizards
  6 gnolls
  6 adders
  A shadow imp (D:7)
  A white imp (D:3)
  An ufetubus (D:4)
  2 worms
  3 dart slugs
  27 orcs
  3 ball pythons
  9 bats
  6 endoplasms
  3 giant cockroaches
  7 goblins
  12 hobgoblins
  2 jackals (D:5)
  6 quokkas
  A frilled lizard (D:1)
  3 kobolds
  21 rats
151 creatures vanquished.

Vanquished Creatures (others)
  29 fulminant prisms
  2 withered plants (D:4)
31 creatures vanquished.

Grand Total: 182 creatures vanquished

Notes
Turn   | Place    | Note
-------+----------+-------------------------------------------
     0 | D:1      | javelincjr the Djinni Conjurer began the quest for the Orb.
     0 | D:1      | javelincjr set off with the following spells memorised:
                  | Magic Dart, Searing Ray, Dazzling Flash, Fulminant Prism,
                  | Iskenderun's Mystic Blast.
     0 | D:1      | Reached XP level 1. HP: 15/15 MP: 0/0
   164 | D:1      | Reached XP level 2. HP: 19/21 MP: 0/0
   562 | D:1      | Found a faded altar of an unknown god.
   906 | D:1      | Reached XP level 3. HP: 22/25 MP: 0/0
   906 | D:1      | Learned a level 1 spell: Slow
  1347 | D:2      | Reached skill level 4 in Spellcasting
  1509 | D:2      | Noticed Jessica
  1515 | D:2      | Killed Jessica
  1516 | D:2      | Reached XP level 4. HP: 23/31 MP: 0/0
  1658 | D:2      | Found Kottezxiqipn's Assorted Antiques.
  2240 | D:2      | Reached XP level 5. HP: 20/35 MP: 0/0
  2240 | D:2      | Learned a level 2 spell: Static Discharge
  2766 | D:3      | Noticed Terence
  2845 | D:2      | Killed Terence
  3316 | D:3      | Reached skill level 5 in Spellcasting
  3437 | D:3      | Reached XP level 6. HP: 14/40 MP: 0/0
  3718 | D:3      | Found a bloodstained altar of Trog.
  5027 | D:4      | Reached XP level 7. HP: 26/46 MP: 0/0
  5027 | D:4      | Learned a level 3 spell: Conjure Flame
  6016 | D:4      | Reached skill level 1 in Fighting
  6016 | D:4      | Reached skill level 1 in Long Blades
  6016 | D:4      | Reached skill level 1 in Polearms
  6139 | D:5      | Entered Level 5 of the Dungeon
  6552 | D:5      | Upgraded the game from 0.29.1-12-g30fa7ad0bf to
                  | 0.29.1-13-g9f3cf754e1
  6794 | D:5      | Reached skill level 6 in Spellcasting
  6794 | D:5      | Reached XP level 8. HP: 25/52 MP: 0/0
  7510 | D:6      | Found a staircase to the Ecumenical Temple.
  7592 | Temple   | Entered the Ecumenical Temple
  7836 | Temple   | Gained mutation: You are clumsy. (Dex -2) [potion of
                  | mutation]
  7837 | Temple   | Lost mutation: You are clumsy. (Dex -2) [potion of
                  | mutation]
  7837 | Temple   | Gained mutation: You possess an exceptional clarity of
                  | mind. [potion of mutation]
  7837 | Temple   | Gained mutation: Your muscles are strong. (Str +4, Int/Dex
                  | -1) [potion of mutation]
  7885 | Temple   | Became a worshipper of Hepliaklqana the Forgotten
  8321 | D:6      | Found a shadowy altar of Dithmenos.
  8357 | D:7      | Found a sparkling altar of Nemelex Xobeh.
  8369 | D:7      | Reached skill level 1 in Armour
  8495 | D:7      | Found a runed translucent door.
  8496 | D:7      | Noticed Crazy Yiuf
  8502 | D:7      | Killed Crazy Yiuf
  8585 | D:7      | Found a broken altar of Ashenzari.
  8628 | D:7      | Noticed Duvessa
  8636 | D:7      | Killed Duvessa
  8637 | D:7      | Reached XP level 9. HP: 34/58 MP: 0/0
  8637 | D:7      | Learned a level 4 spell: Ice Form
  8637 | D:7      | Noticed Dowan
  8866 | D:7      | Killed Dowan
  9022 | D:7      | Identified the +1 chain mail of Tyolao {rElec Regen+
                  | Stlth-}
  9080 | D:7      | Reached skill level 7 in Spellcasting
  9157 | D:7      | Noticed Maggie
  9178 | D:7      | Killed Maggie
  9636 | D:7      | Noticed Joseph
  9647 | D:7      | Slain by Joseph

Illustrated notes

Levels and vault maps discovered:
D:1:      dpeg_arrival_simpleton_b, layout_loops_corners,
          ebering_ecumenical_altar_hall, grunt_decor_cap
D:2:      minmay_spotlight, layout_basic, serial_shops, nicolae_square_shop,
          uniq_jessica
D:3:      layout_loops_cross, nzn_overflow_gifts_of_might_and_magic,
          minmay_rat_hole, uniq_terence
D:4:      layout_basic, kiku_gazebo_garden_becter
D:5:      layout_loops_ring
D:6:      layout_basic, nicolae_dithmenos_through_a_glass_darkly,
          temple_fountains, chequers_serial_rivers_marsh
D:7:      layout_loops_ring, nemelex_xobeh_ov_fountains_minmay,
          mainiacjoe_overflow_small_starburst,
          mainiacjoe_overflow_cross_hatched, uniq_crazy_yiuf_cottage,
          uniq_joseph, uniq_duvessa, uniq_maggie
Temple:   hc_temple_tempest_star

Skill      XL: |  1  2  3  4  5  6  7  8  9 |
---------------+----------------------------+-----
Spellcasting   | 4 5 6 7 |  7.5
Stealth        | 2 3 |  3.8
Dodging        | 3 4 |  4.1
Fighting       | 1 2 |  2.4
Long Blades    | 1 |  1.2
Polearms       | 1 2 3 |  3.1
Armour         | 1 3 |  3.1

Action                   |  1- 3 |  4- 6 |  7- 9 || total
-------------------------+-------+-------+-------++-------
Melee: Dagger            |     3 |       |       ||     3
       Rapier            |       |     8 |       ||     8
       Demon trident     |       |    15 |    18 ||    33
       Falchion          |       |     7 |       ||     7
 Cast: Magic Dart        |    49 |    54 |    47 ||   150
       Searing Ray       |     3 |    21 |    15 ||    39
       Iskenderun's Myst |       |     3 |    16 ||    19
       Fulminant Prism   |       |       |    30 ||    30
       Dazzling Flash    |       |       |     2 ||     2
  Use: Potion            |       |     1 |     5 ||     6
       Scroll            |       |       |    13 ||    13
 Stab: Sleeping          |     1 |       |       ||     1
Armor: Robe              |     2 |     6 |     4 ||    12
       Leather armour    |       |       |     3 ||     3
Dodge: Dodged            |     6 |    40 |    30 ||    76
